 Dungeon Crawl Stone Soup version 0.25-a0-589-g1e14c549ee (webtiles) character file.

Game seed: 3911513131818054983, levelgen mode: deterministic

3517 Devinter the Covert (level 10, -4/59 HPs)
             Began as a Kobold Assassin on Mar 9, 2020.
             Was a Follower of Ashenzari.
             Splashed by a crimson imp's acid (12 damage)
             ... on level 8 of the Dungeon on Mar 10, 2020.
             The game lasted 00:53:22 (7517 turns).

Devinter the Covert (Kobold Assassin)               Turns: 7517, Time: 00:53:22

Health: -4/59      AC:  4    Str:  8    XL:     10   Next: 28%
Magic:  10/10      EV: 21    Int: 14    God:    Ashenzari [*.....]
Gold:   371        SH:  0    Dex: 19    Spells: 9/9 levels left

rFire    . . .     SeeInvis .   o - +1 dagger (holy)
rCold    . . .     Gourm    .   (shield restricted)
rNeg     . . .     Faith    .   b - +0 robe
rPois    .         Spirit   .   C - +0 helmet
rElec    .         Reflect  .   c - +0 cloak
rCorr    .         Harm     .   (no gloves)
MR       +....                  (no boots)
Stlth    +++++.....             P - amulet of magic regeneration
HPRegen  0.19/turn              v - +4 ring of protection
MPRegen  0.37/turn              O - ring of protection from magic

@: corroded
A: small, carnivore
a: Curse Item, Scrying, Renounce Religion


You were on level 8 of the Dungeon.
You worshipped Ashenzari.
Ashenzari was aware of your devotion.
You were full.

You visited 2 branches of the dungeon, and saw 9 of its levels.

You collected 371 gold pieces.

Inventory:

Hand Weapons
 a - a +2 dagger
 o - a +1 dagger of holy wrath (weapon)
Missiles
 d - 23 poisoned darts
 e - 2 curare-tipped darts
 k - 100 arrows
 l - 80 bolts
 y - 3 javelins
 K - 12 boomerangs (quivered)
 Q - 3 throwing nets
Armour
 b - a +0 robe (worn)
 c - a +0 cloak (worn)
 B - a +3 scale mail of fire resistance
 C - a +0 helmet (worn)
 I - a +0 kite shield
Jewellery
 v - a +4 ring of protection (left hand)
 F - an uncursed ring of protection from cold
 H - a +2 ring of protection
 O - a ring of protection from magic (right hand)
 P - an amulet of magic regeneration (around neck)
 R - an uncursed ring of magical power
Wands
 G - a wand of polymorph (7)
 L - a wand of iceblast (1)
 M - a wand of flame (1)
Scrolls
 g - a scroll of random uselessness {unknown}
 h - 2 scrolls of noise {unknown}
 i - 8 scrolls of identify {unknown}
 m - a scroll of teleportation {unknown}
 q - a scroll of immolation {unknown}
 u - 2 scrolls of fear {unknown}
 w - 5 scrolls of remove curse
 x - 2 scrolls of enchant armour {unknown}
 z - 3 scrolls of amnesia {unknown}
 D - 2 scrolls of blinking {unknown}
Potions
 j - 4 potions of stabbing {unknown}
 n - a potion of resistance {unknown}
 p - 6 potions of curing {unknown}
 r - 2 potions of haste
 s - 2 potions of cancellation {unknown}
 t - a potion of might {unknown}
 A - 2 potions of lignification {unknown}
 E - 2 potions of flight {unknown}
 J - a potion of heal wounds {unknown}
 N - 2 potions of degeneration {unknown}
 S - a potion of invisibility {unknown}
Comestibles
 f - 18 rations


   Skills:
 - Level 5.0 Fighting
 - Level 10.0 Short Blades
 + Level 5.9 Throwing
 + Level 7.7 Dodging
 - Level 12.0 Stealth


You had 9 spell levels left.
You didn't know any spells.
Your spell library was empty.

Dungeon Overview and Level Annotations

Branches:
Dungeon (8/15)             Temple (1/1) D:4
   Lair: D:8-11

Altars:
Ashenzari
Cheibriados
Dithmenos
Elyvilon
Fedhas
Gozag
Hepliaklqana
Kikubaaqudgha
Makhleb
Nemelex Xobeh
Okawaru
Qazlal
Ru
Sif Muna
Trog
Uskayaw
Vehumet
Xom
Yredelemnul
Zin
The Shining One


Innate Abilities, Weirdness & Mutations

You are small and have problems with some larger weapons.
You are carnivorous and can eat meat at any time.


Message History

The crimson imp is lightly wounded.
You hit the crimson imp but do no damage.
The crimson imp is lightly wounded.
The crimson imp completely misses you.
You hit the crimson imp but do no damage.
The crimson imp is lightly wounded.
You barely miss the crimson imp.
The crimson imp is lightly wounded.
The crimson imp blinks!
The crimson imp blinks!
The crimson imp shouts, "Begone, thou fobbing miscreant yak-dropping!"
The crimson imp zaps a wand.
The bolt of acid misses you.
You closely miss the crimson imp. You closely miss the crimson imp.
The crimson imp zaps a wand.
The bolt of acid hits you!!
* * * LOW HITPOINT WARNING * * *
You are splashed with acid!
You die...

..#.........#.#....####....(.####
#...........#...(..............##
#.########..#...(......#.........
#.# #...#.....................
..# ##.###........(#.......####
#######..............(...........
###......###...........)......##.
#...####.###.........###<........
#.### #.##.....@...## #.........
..######.#.....5.....# #.....#...
.##..................# #.....#...
.........##........>.# #.....##..
####....###..........# #.....#...
#....##...........# #######...
#######..#.......## #...
#####.....## ##.. ##.


You could see a crimson imp.

Vanquished Creatures
  Harold (D:7)
  A hippogriff (D:8)
  Eustachio (D:4)
  Duvessa (D:4)
  A black bear (D:6)
  A phantom (D:8)
  An ice beast (D:5)
  6 ogres
  A centaur (D:8)
  2 bullfrogs
  A gnoll sergeant (D:7)
  A wyvern zombie (D:7)
  A scorpion (D:5)
  Dowan (D:4)
  3 howler monkeys
  2 crimson imps
  A jelly (D:5)
  3 centaur zombies
  2 hounds
  3 orc priests
  A centaur skeleton (D:6)
  2 orc wizards (D:8)
  A bullfrog skeleton (D:4)
  2 iguanas (D:6)
  4 worker ants
  Terence (D:3)
  A hound zombie (D:5)
  A hound skeleton (D:4)
  2 worker ant zombies (D:4)
  14 gnolls
  A howler monkey skeleton (D:4)
  9 adders
  2 shadow imps
  3 adder zombies
  An adder skeleton (D:5)
  4 worms
  3 dart slugs
  5 leopard geckos
  16 orcs
  3 bats
  8 giant cockroaches
  9 goblins
  13 hobgoblins
  9 jackals
  12 kobolds
  3 quokkas
  9 frilled lizards
  A giant cockroach zombie (D:4)
  A leopard gecko zombie (D:6)
  A quokka zombie (D:4)
176 creatures vanquished.

Notes
Turn   | Place    | Note
-------+----------+-------------------------------------------
     0 | D:1      | Devinter the Kobold Assassin began the quest for the Orb.
     0 | D:1      | Reached XP level 1. HP: 12/12 MP: 1/1
   112 | D:1      | Reached XP level 2. HP: 18/18 MP: 2/2
   165 | D:1      | Reached skill level 3 in Short Blades
   271 | D:1      | Reached XP level 3. HP: 22/22 MP: 3/3
   733 | D:2      | Reached skill level 2 in Dodging
   759 | D:2      | You fall into a shaft and drop 2 floors!
   759 | D:4      | Found a bloodstained altar of Trog.
   759 | D:4      | Noticed a bullfrog
   923 | D:2      | Reached skill level 3 in Fighting
   923 | D:2      | Reached XP level 4. HP: 19/28 MP: 4/4
   934 | D:2      | Reached skill level 3 in Throwing
   934 | D:2      | Reached skill level 6 in Stealth
  1272 | D:2      | Reached XP level 5. HP: 32/32 MP: 5/5
  1394 | D:2      | Found a sparkling altar of Nemelex Xobeh.
  1396 | D:2      | Found a glowing golden altar of the Shining One.
  1861 | D:3      | Noticed Terence
  1880 | D:3      | Killed Terence
  1880 | D:3      | Reached skill level 4 in Throwing
  1940 | D:3      | Reached skill level 7 in Stealth
  2205 | D:3      | Noticed an ogre
  2208 | D:3      | Killed an ogre
  2208 | D:3      | Reached skill level 4 in Short Blades
  2208 | D:3      | Reached skill level 3 in Dodging
  2208 | D:3      | Reached XP level 6. HP: 37/37 MP: 6/6
  2518 | D:4      | Found a staircase to the Ecumenical Temple.
  2530 | Temple   | Entered the Ecumenical Temple
  2596 | Temple   | Became a worshipper of Ashenzari the Shackled
  2614 | D:4      | Noticed Eustachio
  2620 | D:4      | Killed Eustachio
  2620 | D:4      | Reached skill level 5 in Short Blades
  2620 | D:4      | Reached skill level 4 in Dodging
  2620 | D:4      | Reached XP level 7. HP: 41/41 MP: 7/7
  2638 | D:4      | Reached skill level 5 in Dodging
  2736 | D:4      | Noticed Dowan
  2737 | D:4      | Noticed Duvessa
  2750 | D:4      | Killed Dowan
  2783 | D:4      | Killed Duvessa
  2783 | D:4      | Reached skill level 6 in Short Blades
  2783 | D:4      | Reached XP level 8. HP: 16/46 MP: 8/8
  2820 | D:4      | Reached skill level 6 in Dodging
  3044 | D:4      | Reached skill level 7 in Short Blades
  3186 | D:4      | Reached skill level 8 in Short Blades
  3398 | D:4      | Found a sacrificial altar of Ru.
  3429 | D:5      | Entered Level 5 of the Dungeon
  3925 | D:5      | Reached skill level 4 in Fighting
  3952 | D:5      | Found a basalt altar of Yredelemnul.
  4388 | D:5      | HP: 1/48 [acid (10)]
  4749 | D:5      | Reached skill level 9 in Short Blades
  4749 | D:5      | Reached skill level 8 in Stealth
  4749 | D:5      | Reached XP level 9. HP: 52/52 MP: 9/9
  5359 | D:6      | Reached * piety under Ashenzari
  5423 | D:6      | Found an iron altar of Okawaru.
  5671 | D:6      | Reached skill level 5 in Fighting
  5690 | D:6      | Found an iron altar of Okawaru.
  5807 | D:6      | Reached skill level 9 in Stealth
  6118 | D:7      | Reached skill level 10 in Short Blades
  6486 | D:7      | Noticed Harold
  6502 | D:7      | Killed Harold
  6502 | D:7      | Reached skill level 12 in Stealth
  6566 | D:7      | Reached XP level 10. HP: 59/59 MP: 10/10
  6711 | D:8      | Reached skill level 5 in Throwing
  6733 | D:8      | Reached skill level 7 in Dodging
  6876 | D:8      | Noticed a two-headed ogre
  7517 | D:8      | Splashed by a crimson imp's acid

Levels and vault maps discovered:
D:1:      heliophobic_arrival_dark_side_of_the_moon, layout_loops_ring
D:2:      wad_pebble_path, layout_loops_ring, nicolae_overflow_hidden_temple
D:3:      corexii_shack_village, layout_rooms, uniq_terence
D:4:      layout_rooms, nicolae_ru_the_path_less_chosen, bloody_trog,
          minmay_temple_entry_grid, first_ration, serial_undead,
          serial_undead_c, serial_undead_b, serial_undead_b, serial_undead_a,
          uniq_duvessa, uniq_eustachio
D:5:      layout_loops_corners, nicolae_overflow_crystal_walls
D:6:      layout_rooms, kennysheep_diamond, okawaru_altar_gauntlet_db
D:7:      layout_rooms, solitary_fountain, uniq_harold
D:8:      layout_rooms
Temple:   nicolae_temple_x_marks_the_god

Skill      XL: |  1  2  3  4  5  6  7  8  9 10 |
---------------+-------------------------------+-----
Short Blades   | 3 4 5 6 9 10 | 10.0
Dodging        | 2 3 4 5 6 7 |  7.7
Fighting       | 3 4 5 |  5.0
Throwing       | 3 4 5 |  5.9
Stealth        | 6 7 8 12 | 12.0

Action                   |  1- 3 |  4- 6 |  7- 9 | 10-12 || total
-------------------------+-------+-------+-------+-------++-------
Melee: Dagger            |    70 |   172 |   519 |   187 ||   948
       Unarmed           |       |       |    11 |       ||    11
Throw: Dart              |     3 |    32 |    70 |    37 ||   142
       Boomerang         |       |       |       |    10 ||    10
Evoke: Wand              |       |       |     6 |     7 ||    13
 Stab: Sleeping          |    10 |     9 |    14 |     3 ||    36
       Confused          |       |       |     2 |       ||     2
       Distracted        |       |       |     2 |     1 ||     3
  Eat: Chunk             |     2 |    10 |    15 |       ||    27
Armor: Robe              |    12 |    22 |    44 |    21 ||    99
       Skin              |       |       |     1 |       ||     1
Dodge: Dodged            |    31 |    99 |   260 |   117 ||   507

Table legend:
 A = Non-vault XP
 B = Vault XP
 C = Vault XP percentage of total XP
 D = Non-vault monster count
 E = Vault monster count
 F = Vault count percentage of total count
                 A         B        C        D         E       F
            +---------+---------+-------+---------+---------+-------
      Total |    3321 |    1704 |  33.9 |     145 |      31 |  17.6
            +---------+---------+-------+---------+---------+-------
        D:1 |      42 |       0 |   0.0 |      22 |       0 |   0.0
        D:2 |     131 |       0 |   0.0 |      23 |       0 |   0.0
        D:3 |     252 |      53 |  17.4 |      15 |      10 |  40.0
        D:4 |     390 |     636 |  62.0 |      11 |      14 |  56.0
        D:5 |     683 |       0 |   0.0 |      21 |       0 |   0.0
        D:6 |     343 |      23 |   6.3 |      15 |       6 |  28.6
        D:7 |     501 |     992 |  66.4 |      17 |       1 |   5.6
        D:8 |     979 |       0 |   0.0 |      21 |       0 |   0.0
            +---------+---------+-------+---------+---------+-------
